 Dungeon Crawl Stone Soup version 0.29-a0-330-g52719c12eb (webtiles) character file.

Game seed: 897558493132440162

4139 Leszczynek the Transmogrifier (level 10, -2/73 HPs)
             Began as a Human Gladiator on Apr 19, 2022.
             Was a Priest of Sif Muna.
             Succumbed to a two-headed ogre's poison
             ... on level 8 of the Dungeon.
             The game lasted 00:37:26 (5059 turns).

Leszczynek the Transmogrifier (Human Gladiator)     Turns: 5059, Time: 00:37:27

Health: -2/73      AC:  6    Str: 15    XL:     10   Next: 52%
Magic:  12/14      EV: 21    Int: 12    God:    Sif Muna [***...]
Gold:   107        SH:  0    Dex: 20    Spells: 12/15 levels left

rFire   . . .      SeeInvis .     - Unarmed
rCold   . . .      Faith    .   (shield currently unavailable)
rNeg    . . .      Spirit   .   (body armour currently unavailable)
rPois   x          Reflect  .   (helmet currently unavailable)
rElec   .          Harm     .   (cloak currently unavailable)
rCorr   .          Rampage  .   (gloves currently unavailable)
Will    +....                   (boots currently unavailable)
Stlth   ++........              A - amulet of regeneration
HPRegen 1.02/turn               v - +4 ring of protection
MPRegen 0.14/turn               k - ring of willpower

@: lethally poisoned (-2 -> -42), spider-form, studying Slings
A: venomous fangs, tiny
a: End Transformation, Renounce Religion, Channel Magic, Forget Spell


You were on level 8 of the Dungeon.
You worshipped Sif Muna.
Sif Muna was most pleased with you.
You were a venomous arachnid creature.
You visited 2 branches of the dungeon, and saw 9 of its levels.

You collected 357 gold pieces.
You spent 250 gold pieces at shops.

Inventory:

Hand Weapons
 a - a +0 war axe (melded)
 q - a +1 hand axe of flaming
 J - a +2 morningstar of distortion
Missiles
 b - 5 poisoned darts (quivered)
 p - a javelin
 r - 6 curare-tipped darts
 x - a throwing net
Armour
 c - a +0 helmet (melded)
 f - a +2 robe of cold resistance (melded)
 h - the +0 pair of boots of the Grue (melded) {rElec rPois}
   (You bought it in a shop on level 2 of the Dungeon)

   rElec:     It insulates you from electricity.
   rPois:     It protects you from poison.
 t - a +2 buckler
 I - +0 swamp dragon scales
Magical Staves
 i - a staff of cold
Jewellery
 d - an amulet of reflection
 e - an amulet of the acrobat
 k - a ring of willpower (right front leg)
 o - an amulet of magic regeneration
 v - a +4 ring of protection (left front leg)
 A - an amulet of regeneration (around neck)
 B - an amulet of the acrobat
Wands
 y - a wand of digging (3)
 F - a wand of polymorph (8)
Scrolls
 l - a scroll of amnesia
 n - 2 scrolls of silence {!r}
 z - a scroll of identify {@r1}
 C - a scroll of fear
 G - a scroll of blinking {unknown}
Potions
 g - a potion of invisibility
 j - 3 potions of brilliance
 m - 2 potions of haste
 s - 2 potions of mutation {!q}
 u - 3 potions of curing {@q1}
 w - 2 potions of attraction
 D - 2 potions of lignification {!q}
 E - a potion of heal wounds {@q2}
 H - a potion of degeneration {unknown}


   Skills:
 + Level 4.5 Fighting
 - Level 3.0 Axes
 - Level 2.0 Throwing
 + Level 3.4 Dodging
 * Level 8.9 Unarmed Combat
 - Level 3.0 Spellcasting
 + Level 9.0 Transmutations
 - Level 4.0 Poison Magic


You had 12 spell levels left.
You knew the following spells:

 Your Spells              Type           Power      Damage    Failure   Level
a - Spider Form           Tmut/Pois      17%        N/A       14%         3

Your spell library contained the following spells:

 Spells                   Type           Power      Damage    Failure   Level
 Beastly Appendage        Tmut           46%        N/A       3%          1
 Wereblood                Tmut           23%        N/A       4%          2
 Summon Small Mammal      Summ           4%         N/A       45%         1
 Blink                    Tloc           2%         N/A       58%         2
 Call Canine Familiar     Summ           1%         N/A       78%         3
 Lesser Beckoning         Tloc           1%         N/A       78%         3
 Summon Guardian Golem    Hex/Summ       1%         N/A       78%         3
 Animate Dead             Necr           0%         N/A       98%         4
 Manifold Assault         Tloc           1%         N/A       100%        5
 Haunt                    Necr/Summ      0%         N/A       100%        7
 Infestation              Necr           0%         N/A       100%        8


Dungeon Overview and Level Annotations

Branches:
Dungeon (8/15)             Temple (1/1) D:4
   Lair: D:8-11

Altars:
Cheibriados
Hepliaklqana
Kikubaaqudgha
Okawaru
Sif Muna
Trog

Shops:
D:2 [

Annotations:
D:5 Menkaure


Message History

There is a stone staircase leading down here.
You hit the orc priest but do no damage.
The orc priest looks as sick as possible!
The orc priest is almost dead.
Your transformation has ended.
Your +0 war axe unmelds from your body.
Your +0 helmet unmelds from your body.
The +0 pair of boots of the Grue {rElec rPois} unmelds from your body.
Your +2 robe of cold resistance unmelds from your body.
You feel resistant to cold.
You kill the orc priest!
Sif Muna accepts your kill.
There is a stone staircase leading down here.
Casting: Spider Form (dangerous; 4% risk of failure)
Confirm with . or Enter, or press ? or * to list all spells.
You turn into a venomous arachnid creature.
Your +0 war axe melds into your body.
Your +0 helmet melds into your body.
The +0 pair of boots of the Grue {rElec rPois} melds into your body.
Your +2 robe of cold resistance melds into your body.
You feel less resistant to cold.
You climb downwards.
The two-headed ogre closely misses you.
The two-headed ogre hits you with a +0 dire flail of venom!
You are poisoned.
There is a stone staircase leading up here.
You bite the two-headed ogre!
The two-headed ogre looks as sick as possible!
The two-headed ogre is lightly wounded.
You feel extremely sick.
The two-headed ogre completely misses you.
The two-headed ogre hits you with a +0 dire flail of venom!
You are lethally poisoned!
You hit the two-headed ogre but do no damage.
The two-headed ogre looks as sick as possible!
The two-headed ogre is lightly wounded.
You feel extremely sick.
The two-headed ogre hits you with a +0 giant club.
The two-headed ogre hits you with a +0 dire flail of venom!
Found 19 stones.
* * * LOW HITPOINT WARNING * * *
You feel extremely sick.
You die...

......... .... .........
.... #.....
.(......###.....###.....
..........#.....#.......
......................## #
..................<... ..
##................... ...#
#O<.s........$....o.. #....
#))...............?..
#....#[#......<...).......
#..)#..........##..o..o
#.................c.......
>..>..###..........#....#.#
...... #......#...#...####
...... #......#.......
##... ...............


You could see a two-headed ogre (extremely poisoned).

Vanquished Creatures
  A two-headed ogre (D:7)
  Maggie (D:7)
  Prince Ribbit (D:5)
  A shadow (D:6)
  A wyvern (D:7)
  Eustachio (D:5)
  A steam dragon (D:5)
  A water moccasin (D:5)
  An orc warrior (D:6)
  An ice beast (D:7)
  A black bear (D:7)
  2 ogres (D:7)
  2 centaurs
  4 phantoms
  3 bullfrogs
  A gnoll sergeant (D:5)
  4 scorpions
  4 howler monkeys
  6 orc priests
  2 hounds
  2 gnoll shamans
  3 iguanas
  Ijyb (D:5)
  Terence (D:3)
  7 orc wizards
  5 adders
  12 gnolls
  A shadow imp (D:8)
  2 ufetubi
  A dart slug (D:3)
  14 orcs
  2 ball pythons
  4 endoplasms
  A giant cockroach (D:3)
  2 goblins (D:4)
  4 hobgoblins
  2 jackals (D:5)
  6 quokkas
  5 bats
  2 frilled lizards
  5 kobolds
  A rat (D:1)
122 creatures vanquished.

Vanquished Creatures (others)
  A jackal (D:5)
1 creature vanquished.

Grand Total: 123 creatures vanquished

Notes
Turn   | Place    | Note
-------+----------+-------------------------------------------
     0 | D:1      | Leszczynek the Human Gladiator began the quest for the Orb.
     0 | D:1      | Reached XP level 1. HP: 16/16 MP: 1/1
    32 | D:1      | Found a faded altar of an unknown god.
    45 | D:1      | Prayed at the altar of an unknown god.
    45 | D:1      | Became a worshipper of Sif Muna the Loreminder
    45 | D:1      | Reached * piety under Sif Muna
    58 | D:1      | well
    69 | D:1      | HP: 3/16 [frozen (4)]
   190 | D:1      | Reached XP level 2. HP: 15/22 MP: 2/2
   312 | D:1      | Reached skill level 1 in Transmutations
   478 | D:2      | Reached XP level 3. HP: 28/28 MP: 3/3
   484 | D:2      | Found Fimikkaz's Antique Armour Shoppe.
   679 | D:3      | Noticed Terence
   704 | D:3      | unbeatable Terence
   823 | D:2      | Reached skill level 1 in Unarmed Combat
   833 | D:2      | nets? haste? don't need those lol
   833 | D:2      | motherfucking Terence bitch
  1290 | D:3      | Found a hazy altar of Hepliaklqana.
  1298 | D:3      | Found a faded altar of an unknown god.
  1373 | D:4      | Found a staircase to the Ecumenical Temple.
  1449 | D:4      | Reached skill level 2 in Transmutations
  1496 | D:5      | Entered Level 5 of the Dungeon
  1502 | D:5      | Noticed a steam dragon
  1504 | D:5      | Reached XP level 4. HP: 34/34 MP: 4/4
  1519 | D:5      | Killed a steam dragon
  1520 | D:5      | Reached skill level 3 in Fighting
  1520 | D:5      | Reached skill level 2 in Unarmed Combat
  1520 | D:5      | Reached skill level 3 in Transmutations
  1520 | D:5      | Reached XP level 5. HP: 28/41 MP: 5/5
  1520 | D:5      | Noticed a phantom
  1520 | D:5      | Noticed Menkaure
  1560 | D:4      | Found an ancient bone altar of Kikubaaqudgha.
  1567 | D:4      | HP: 4/41 [iguana (10)]
  1568 | D:4      | can i hit even one?
  1575 | D:4      | just one is fine
  1587 | Temple   | Entered the Ecumenical Temple
  1726 | D:4      | 64% to hit
  1729 | D:4      | Reached XP level 6. HP: 27/47 MP: 6/6
  1731 | D:4      | yay
  1735 | D:4      | missing 4 times in a row is 1.7% chance btw
  1836 | D:5      | Reached ** piety under Sif Muna
  1837 | D:5      | Reached skill level 4 in Transmutations
  1872 | D:5      | Noticed a water moccasin
  1886 | D:5      | Reached skill level 3 in Unarmed Combat
  1887 | D:5      | Killed a water moccasin
  1888 | D:5      | Reached skill level 1 in Poison Magic
  1888 | D:5      | Reached XP level 7. HP: 27/52 MP: 7/7
  1927 | D:5      | Reached skill level 5 in Transmutations
  1970 | D:5      | Noticed Prince Ribbit
  1987 | D:5      | Killed Prince Ribbit
  1988 | D:5      | Reached skill level 2 in Poison Magic
  2134 | D:5      | Reached XP level 8. HP: 53/58 MP: 8/8
  2142 | D:5      | Identified the +2 ring mail of Wess {Harm Int+5}
  2168 | D:5      | Reached skill level 4 in Unarmed Combat
  2296 | D:4      | 28 hp pain?
  2296 | D:4      | nice
  2533 | D:3      | Killed Terence
  2534 | D:3      | Reached skill level 6 in Transmutations
  2571 | D:2      | Bought an embroidered robe for 70 gold pieces
  2590 | D:2      | Learned a level 3 spell: Spider Form
  2878 | D:5      | Reached skill level 3 in Poison Magic
  2947 | D:5      | Identified the +4 long sword of Precise Incision {speed,
                  | rC+++ rCorr Str-5 Dex-3}
  2948 | D:5      | nice stats lol
  3002 | D:5      | Noticed Ijyb
  3014 | D:5      | Killed Ijyb
  3024 | D:5      | i'm loving all those 53 and 64 percents
  3024 | D:5      | totally don't look like 25 instead
  3066 | D:5      | Found a snail-covered altar of Cheibriados.
  3091 | D:5      | Found a bloodstained altar of Trog.
  3126 | D:5      | Reached skill level 7 in Transmutations
  3199 | D:5      | Noticed Eustachio
  3200 | D:5      | u serious?
  3232 | D:5      | Killed Eustachio
  3233 | D:5      | Reached skill level 5 in Unarmed Combat
  3272 | D:6      | Reached skill level 4 in Poison Magic
  3272 | D:6      | Reached XP level 9. HP: 53/63 MP: 9/9
  3341 | D:6      | Reached skill level 1 in Spellcasting
  3636 | D:7      | Noticed a two-headed ogre
  3651 | D:7      | HP: 8/63 [two-headed ogre/+0 giant spiked club (15)]
  3652 | D:7      | Killed a two-headed ogre
  3653 | D:7      | Reached skill level 6 in Unarmed Combat
  3653 | D:7      | Reached skill level 2 in Spellcasting
  3653 | D:7      | Reached skill level 8 in Transmutations
  3656 | D:7      | Reached skill level 7 in Unarmed Combat
  3722 | D:7      | Reached skill level 3 in Spellcasting
  3839 | D:6      | Reached XP level 10. HP: 59/70 MP: 12/14
  3840 | D:6      | Reached *** piety under Sif Muna
  4112 | D:2      | Bought a pair of steaming boots for 180 gold pieces
  4112 | D:2      | Identified the +0 pair of boots of the Grue {rElec rPois}
                  | (You bought it in a shop on level 2 of the Dungeon)
  4345 | D:6      | Found an iron altar of Okawaru.
  4435 | D:7      | Noticed Maggie
  4472 | D:6      | Reached skill level 8 in Unarmed Combat
  4657 | D:7      | Reached skill level 4 in Fighting
  4715 | D:8      | Noticed a two-headed ogre
  4906 | D:7      | Killed Maggie
  4907 | D:7      | Reached skill level 9 in Transmutations
  5058 | D:8      | HP: 8/73 [poisoned by a two-headed ogre]
  5059 | D:8      | Succumbed to a two-headed ogre's poison

Illustrated notes #8^.#8# #^#.#^# ##.....####+##### ####....# #........# #.......###........# #...†..._†.........# #.......###........# #.......# #........# #...#.....#..@.....# #...#^#.#^#........# #...#...#.#.......... #...##### #......!... #......# ....)......[ #).....#............. #......#########..... ##.##### ..... #.# ..... Turn 58 on D:1: well #.# #.# ## #.# #.. #.# #.# #.# #.# #.# #.# #.# #.# ####### #.#########.####### ......# #.#>@...@.r.(...... ......#######.#.#######.###### ......'.......#.# #.....# ......#########.### ####### ......# #...# ......# #.### ......# #.# ####### #.# #.# Turn 704 on D:3: unbeatable Terence #...........##.###.####+ #.##...........###.#.... #..#.................... .......###.#.#.##...... #..............###..... +#.#..............#.###. .....#.................. .............##.#.#.###. .......@.....# .#.#..... ................# ###### .#............## ..............# .##.###..##....# #. #... ..... # #..# +##.# ...# Turn 833 on D:2: nets? haste? don't need those lol #....'.... ..# #....#..# #..#...... ##...#..###..#..... .............#.... ...#.........#...# #+# >..###.'###..#...#.(. ...#.....##..#...#.♣.♣.# .............#...l.._..+ ##...#.......#..@# #...###..###'#...# #..+###..#.....### .....#...#...†.# .#...#...#.....# .#...#[..#.....# .#...#...#.....# .##### #.....# ...# ..##### Turn 1568 on D:4: can i hit even one?

.#...#....'.... ..#
.#...#....#..# #..#......
#...###...#..###..#.....
..................#....
..#.....#.........#...# #+#
###..>..###.'###..#...#.(.
..#.....#.....##..#...#.♣.♣.#
..................#...'.._..+
....###...#.....@.#...#
.....#...###..###'#...#
.....#..+###..#.....###
..........#...#...†.#
......#...#...#.....#
......#...#[..#.....#
......#...#...#.....#
......##### #.....# ####....#
..#####


Turn 1575 on D:4: just one is fine .....#..... #....'.... ..#..... #....#..#
#..#...... ##...#..###..#..... .............#.... ...#.........#...# #+#
>..###.'###..#...#.(. ...#.....##..#...#.♣.♣.# .............#..@l.._..+
##...#.......#...#.♣.♣.# #...###..###'#...# .. #..+###..#.....### +#
.....#...#...÷.# .#...#...#.....# .#...#[..#.....# .#...#...#.....#
.#######+#.....# Turn 1726 on D:4: 64% to hit ....#..... ....'.... ..#.....
....#..# #..#...... #...#..###..#..... ............#.... ..#.........#...###+#
..###.'###..#...#.(. ..#.....##..#...#.♣.♣.# ............#...@.._..+
#...#.......#...#.♣.♣.# ...###..###'#...#... ..+###..#.....#####+#
....#...#...÷.# #...#...#.....# #...#[..#.....# #...#...#.....# #######+#.....#
Turn 1731 on D:4: yay ...#...... ...#..... ...'.... ..#..... ...#..# #..#......
...#..###..#..... ...........#.... .#.........#...###+### .###.'###..#...#.....#
.#.....##..#...#@♣.♣.# ...........#...'.._..+ ...#.......#...#.♣.♣.#
..###..###'#...#.....# .+###..#.....#####+### ...#...#...÷.# ...#...#.....#
...#[..#.....# ...#...#.....# Turn 1735 on D:4: missing 4 times in a row is 1.7%
chance btw #....#..#...........#...#...÷.# #....#..#.......#...#...#.....#
'....#..#.......#...#[..#.....# #....#..........#...#...#.....#
#....##.........#######+#.....# .......#######....# ..##### .......# #....# ...
.......# #....# .... .......# #<.@.# .......# #...)# ######## ###### Turn 2296
on D:4: 28 hp pain? #... #...†..#......### #... #...##.........#####
#........).....# #...###..##..(## ##.# ##.#....####### # #.............
#............. ##.>#......... .....#.@....... #.###........... .. #..#...>.....
. ............... ######......... #......... ########## ### ... ### Turn 2948 on
D:5: nice stats lol #.g# #.# #.. ##g# #..# #.. #)####..## #.. #.).###..#####..
###..###........ ##...#........ ###########.#........ #....................
#...@..#...##[....... #......#... #...†..#. ####.###...##........
#.###........).... #..##...###..##..( ##.###.## ##.#.... #.# #..# #...... #.#
#.# #...... #.####.#####.>#.. Turn 3024 on D:5: i'm loving all those 53 and 64
percents +_+............(# #'###.#...###.### #.# #...### #.# #.# #..## #.#
......# #.# .....# #.# ..... #.#### ..... .###....####.W. .....##
#.......@.....@. .....<# ######...####... ......####..<....# .....((M....##...#
.....####...##.### .....#.......#.# ..........##..... ........... .....
......?...####..#. Turn 3200 on D:5: u serious?

Levels and vault maps discovered:
D:1:      elethiomel_arrival_fortress_basement, layout_basic, serial_shops,
          shop, shapermc_ecumenical_altar_mp_highgroup, fountainhead
D:2:      layout_basic, serial_shops, nicolae_shop_waterfront,
          roderic_filled_cross
D:3:      layout_basic, beargit_hepliaklqana_dungeon_heroes,
          amethyst_overflow_temple_binary, gup_sewer_entry_glass, uniq_terence
D:4:      layout_gridville, kennysheep_little_box, minmay_temple_entry_tees
D:5:      layout_rooms, lemuel_doored_altar, trog_three_pillars_becter,
          minmay_manual_mail, uniq_prince_ribbit1, uniq_eustachio, uniq_ijyb,
          uniq_menkaure
D:6:      layout_layer_cave, mainiacjoe_overflow_six_doors_small
D:7:      layout_rooms, uniq_maggie
D:8:      layout_cave_pools
Temple:   minmay_temple_forest_path

Skill      XL: |  1  2  3  4  5  6  7  8  9 10 |
---------------+-------------------------------+-----
Transmutations | 1 2 3 4 5 7 8 9 |  9.0
Unarmed Combat | 1 2 3 5 7 8 |  8.9
Fighting       | 3 4 |  4.5
Poison Magic   | 1 2 4 |  4.0
Spellcasting   | 3 |  3.0
Axes           | |  3.0
Throwing       | |  2.0
Dodging        | |  3.4

Action                   |  1- 3 |  4- 6 |  7- 9 | 10-12 || total
-------------------------+-------+-------+-------+-------++-------
Melee: War axe           |    80 |    31 |   159 |     1 ||   271
       Punch             |       |     2 |     4 |       ||     6
       Unarmed           |       |       |    79 |   123 ||   202
Throw: Throwing net      |     5 |       |       |       ||     5
       Dart              |     2 |    12 |    19 |       ||    33
       Javelin           |       |       |     1 |     1 ||     2
 Cast: Spider Form       |       |       |     9 |    13 ||    22
  Use: Scroll            |     3 |     6 |     2 |     2 ||    13
       Potion            |     1 |       |     3 |       ||     4
 Stab: Held in net/web   |     2 |       |       |       ||     2
Armor: Leather armour    |     3 |       |       |       ||     3
       Ring mail         |    22 |    23 |    32 |       ||    77
       Robe              |       |       |    37 |     1 ||    38
       Skin              |       |       |     7 |    27 ||    34
Dodge: Dodged            |    48 |    28 |   206 |   119 ||   401
Block: Other             |       |       |    44 |       ||    44

Table legend: (Time is in decaauts)
 A = Elapsed time spent in this place.
 B = Non-inter-level travel time spent in this place.
 C = Inter-level travel time spent in this place.
 D = Time resting spent in this place.
 E = Time spent auto-exploring this place.
 F = Levels seen in this place.
 G = Mean time per level.
                   A        B        C        D        E       F      G
               +--------+--------+--------+--------+--------+-----+--------+
         Total |   5291 |   4425 |    866 |     18 |      0 |   9 |  587.9 |
       Dungeon |   5128 |   4262 |    866 |     18 |      0 |   8 |  641.0 |
        Temple |    163 |    163 |      0 |      0 |      0 |   1 |  163.0 |
               +--------+--------+--------+--------+--------+-----+--------+

Top non-repeatable levels by time:
     D:5: 1122 daAuts
     D:3: 1075 daAuts
     D:4: 799 daAuts
     D:6: 762 daAuts
     D:7: 510 daAuts
     D:2: 458 daAuts
     D:1: 328 daAuts
  Temple: 163 daAuts
     D:8: 71 daAuts
